 Dungeon Crawl Stone Soup version 0.21-a0-286-g6fcecc0 (webtiles) character file.

687 tidbits the Ruffian (level 7, 0/57 HPs)
             Began as a Purple Draconian Fighter on Sept 25, 2017.
             Slain by a wight
             ... wielding a +2 long sword of freezing
              (1 damage)
             ... on level 6 of the Dungeon.
             The game lasted 00:16:03 (1718 turns).

tidbits the Ruffian (Purple Draconian Fighter)      Turns: 1718, Time: 00:16:04

Health: 0/57       AC:  7    Str: 18    XL:     7   Next: 35%
Magic:  7/7        EV:  9    Int: 10    God:
Gold:   145        SH:  9    Dex: 11    Spells: 6/6 levels left

rFire    . . .     SeeInvis .     - Unarmed
rCold    . . .     Gourm    .   D - +0 shield
rNeg     . . .     Faith    .   (armour unavailable)
rPois    .         Spirit   .   (helmet restricted)
rElec    .         Reflect  .   (no cloak)
rCorr    .         Harm     .   G - +0 pair of gloves
MR       +....                  (no boots)
Stlth    +.........             (no amulet)
HPRegen  0.19/turn              (no ring)
MPRegen  0.10/turn              (no ring)

@: short of breath, heavily drained
A: breathe power, unfitting armour, cold-blooded, AC +6
a: Breathe Dispelling Energy


You were on level 6 of the Dungeon.
You were not hungry.

You visited 1 branch of the dungeon, and saw 7 of its levels.
You also visited: Sewer.

You collected 145 gold pieces.

Inventory:

Hand Weapons
 a - a +1 war axe of draining
   (You found it on level 6 of the Dungeon)
 i - a +3 morningstar
Missiles
 b - 4 tomahawks
 f - 4 javelins (quivered)
 k - 55 arrows
Armour
 D - a +0 shield (worn)
 G - a +0 pair of gloves (worn)
Jewellery
 l - an uncursed ring of ice
   (You found it on level 4 of the Dungeon)
 m - an uncursed ring of ice
   (You found it on level 5 of the Dungeon)
Scrolls
 d - a scroll of identify
Potions
 e - a potion of curing
 g - 3 potions of flight
Comestibles
 c - a chunk of flesh
 h - 3 meat rations
 j - a bread ration


   Skills:
 - Level 3.2(1.0) Fighting
 - Level 2.6(0.5) Dodging
 + Level 5.3(3.0) Shields
 * Level 7.0(4.6) Unarmed Combat


You had 6 spell levels left.
You didn't know any spells.

Dungeon Overview and Level Annotations

Branches:
Dungeon (7/15)
 Temple: D:4-7

Altars:
Fedhas
Hepliaklqana
Okawaru


Innate Abilities, Weirdness & Mutations

You can breathe bolts of dispelling energy.
Your rich purple scales are hard. (AC +6)
You cannot fit into any form of body armour.
You are cold-blooded and may be slowed by cold attacks.


Message History

The adder barely misses you.
Press: ? - help, Shift-Dir - straight line, f - adder
Aim: an adder You breathe a bolt of dispelling energy.
The bolt of dispelling energy hits the adder.
The adder is almost dead.
You feel somewhat more hungry. You block the adder's attack.
You punch the adder!
You kill the adder!
You see here an adder corpse.
You butcher the adder corpse.
c - 6 chunks of flesh (gained 2)
You see here an adder skeleton.
There is a stone staircase leading down here.
You open the door.
Found a hazy altar of Hepliaklqana.
You have got your breath back.
There is an open door here.
You open the door.
Found 16 gold pieces.
There is an open door here.
You now have 121 gold pieces (gained 16).
Found an escape hatch in the floor.
There is an escape hatch in the floor here.
Found 12 gold pieces.
Found a potion of flight.
You now have 133 gold pieces (gained 12).
Some of the chunks of flesh in your inventory have rotted away.
g - 3 potions of flight (gained 1)
Found 12 gold pieces.
You now have 145 gold pieces (gained 12).
There is an escape hatch in the floor here.
You slide downwards.
The hatch slams shut behind you.
Some of the chunks of flesh in your inventory have rotted away.
You are feeling hungry.
You see here a robe.
Eat one of 2 chunks of flesh? (ye/n/q)
You eat one of the 2 chunks of flesh.
This raw flesh tastes terrible.
There is an open door here.
There is a stone staircase leading down here.
You climb downwards.
You block the wight's attack.
The wight hits you with a long sword of freezing.
You feel yourself slow down. The wight freezes you.
There is a stone staircase leading up, spattered with blood here.
Press: ? - help, Shift-Dir - straight line, f - wight
Aim: a wight, wielding a long sword of freezing and wearing a robe You breathe a bolt of dispelling energy.
The bolt of dispelling energy misses the wight.
You feel somewhat more hungry.
The wight hits you with a long sword of freezing.
You feel drained. The wight freezes you.
Okay, then.
Okay, then.
Okay, then.
Press: ? - help, v - describe, . - travel
Here: a wight, wielding a long sword of freezing and wearing a robe The floor.
Okay, then.
Okay, then.
You can't do that yet.
Unknown command.
You feel yourself speed up. 2 orc priests come into view.
An orc priest is wielding a short sword of freezing.
The orc priest shouts!
An orc comes into view. It is wielding a flail of protection.
Unknown command.
Okay, then.
Okay, then.
Unknown command.
The wight hits you with a long sword of freezing.
* * * LOW HITPOINT WARNING * * *
You feel drained. The wight freezes you.
* * * LOW HITPOINT WARNING * * *
There is a stone staircase leading down here.
The wight hits you with a long sword of freezing!
* * * LOW HITPOINT WARNING * * *
You feel drained.
* * * LOW HITPOINT WARNING * * *
You feel yourself slow down. The wight freezes you.
* * * LOW HITPOINT WARNING * * *
You see here a flail.
You feel yourself speed up. The wight barely misses you.
You see here an adder skeleton.
A centaur comes into view.
Okay, then.
Okay, then.
The centaur moves out of view.
An orc comes into view.
Found a stone staircase leading up.
The orc priest invokes the aid of Beogh against you.
Beogh smites you!
* * * LOW HITPOINT WARNING * * *
You hear a shout!
There is a stone staircase leading up here.
The wight hits you with a long sword of freezing.
* * * LOW HITPOINT WARNING * * *
You feel drained.
You die...

#<#oo..o.##.##
#######...####.##..# ###
....>....## #.o.#.##...
#####....#######...#..#
.z..............o....###
#####....#######.......#
#....# #.......# #....#
#z......# #....#
#@......# #....#
######### #....# ....#


You could see a wight and 2 orc priests.

Vanquished Creatures
  A hungry ghost (D:5)
  A centaur (D:5)
  A big kobold (Sewer)
  2 bullfrogs
  A wight (D:5)
  An orc priest (D:5)
  An iguana (D:4)
  2 worker ants
  7 adders
  2 river rats
  A worm (D:3)
  A dart slug (D:1)
  2 leopard geckos
  4 orcs
  3 ball pythons
  4 giant cockroaches
  3 goblins
  4 hobgoblins
  8 jackals
  5 kobolds
  5 bats
  5 frilled lizards
  13 rats
77 creatures vanquished.

Notes
Turn   | Place    | Note
-------+----------+-------------------------------------------
     0 | D:1      | tidbits the Draconian Fighter began the quest for the Orb.
     0 | D:1      | Reached XP level 1. HP: 19/19 MP: 1/1
   138 | D:1      | Reached XP level 2. HP: 14/26 MP: 2/2
   240 | D:1      | Reached skill level 3 in Unarmed Combat
   322 | D:2      | Reached XP level 3. HP: 24/31 MP: 3/3
   720 | D:4      | Reached skill level 4 in Unarmed Combat
   720 | D:4      | Reached XP level 4. HP: 26/38 MP: 4/4
   745 | D:3      | Found an iron altar of Okawaru.
   777 | D:4      | Noticed a phantom
   858 | D:5      | Entered Level 5 of the Dungeon
   858 | D:5      | Noticed a bullfrog
   870 | D:5      | Killed a bullfrog
   870 | D:5      | Reached skill level 4 in Shields
   870 | D:5      | Reached XP level 5. HP: 26/45 MP: 5/5
   885 | D:5      | Found a glowing drain.
   941 | D:6      | Found a blossoming altar of Fedhas.
   941 | D:6      | Noticed a centaur
   963 | D:5      | Noticed a centaur
   990 | D:5      | Killed a centaur
   990 | D:5      | Reached skill level 5 in Unarmed Combat
  1002 | D:5      | Noticed a hungry ghost
  1052 | D:5      | Killed a hungry ghost
  1052 | D:5      | Reached skill level 6 in Unarmed Combat
  1052 | D:5      | Reached XP level 6. HP: 33/51 MP: 6/6
  1150 | Sewer    | Entered a sewer
  1248 | Sewer    | Your scales start taking on a rich purple colour.
  1248 | Sewer    | Reached XP level 7. HP: 30/57 MP: 7/7
  1307 | Sewer    | Found a white marble altar of Elyvilon.
  1396 | D:5      | Reached skill level 5 in Shields
  1531 | D:5      | Reached skill level 7 in Unarmed Combat
  1577 | D:4      | Found a hazy altar of Hepliaklqana.
  1717 | D:6      | HP: 4/57 [orc priest/divine providence (10)]
  1718 | D:6      | HP: 1/57 [wight/long sword of freezing (3)]
  1718 | D:6      | Slain by a wight

Vault maps used:
D:1:      sevenhm_arrival_forest_fort_large_1, grunt_decor_one_mirror
D:2:      first_bread, kennysheep_generic_room_15, uniq_natasha
D:3:      okawaru_trees_1
D:4:      nicolae_ru_path_of_blood, kennysheep_little_box, lemuel_round_altar,
          grunt_dithmenos_smoke_and_mirrors
D:5:      portal_sewer_entry_c, minivault_19
D:6:      fedhas_bush_and_centaur_altar, temple_doors_ab
Sewer:    sewer_kobolds

Skill      XL: |  1  2  3  4  5  6  7 |
---------------+----------------------+-----
Unarmed Combat | 3 4 6 7 |  7.0
Shields        | 4 5 |  5.3
Fighting       | |  3.2
Dodging        | |  2.6

Action                   |  1- 3 |  4- 6 |  7- 9 || total
-------------------------+-------+-------+-------++-------
Melee: Unarmed           |   149 |   125 |    41 ||   315
       Tailslap          |    13 |    11 |     3 ||    27
Throw: Javelin           |       |     7 |    12 ||    19
 Abil: Breathe Dispellin |       |       |     8 ||     8
  Use: Potion            |     3 |     1 |     1 ||     5
       Scroll            |       |     2 |     2 ||     4
 Stab: Sleeping          |     1 |       |       ||     1
  Eat: Bread ration      |       |     1 |       ||     1
       Royal jelly       |       |     1 |       ||     1
       Fruit             |       |     1 |       ||     1
       Chunk             |       |     2 |     4 ||     6
Armor: Skin              |    42 |    37 |    15 ||    94
Dodge: Dodged            |    42 |    44 |    18 ||   104
Block: Shield            |    54 |    55 |    23 ||   132

Table legend:
 A = Spawn XP
 B = Non-spawn XP
 C = Spawn XP percentage of total XP
 D = Spawn monster count
 E = Non-spawn monster count
 F = Spawn count percentage of total count
 G = Total turns spent on level
                    A         B        C        D         E        F      G
               +---------+---------+-------+---------+---------+-------+---------
         Total |       0 |     982 |   0.0 |       0 |      77 |   0.0 |  1718
               +---------+---------+-------+---------+---------+-------+---------
           D:1 |       0 |      29 |   0.0 |       0 |      18 |   0.0 |   291
           D:2 |       0 |      32 |   0.0 |       0 |      11 |   0.0 |   228
           D:3 |       0 |      15 |   0.0 |       0 |       6 |   0.0 |   177
           D:4 |       0 |     101 |   0.0 |       0 |       5 |   0.0 |   289
           D:5 |       0 |     573 |   0.0 |       0 |      20 |   0.0 |   435
           D:6 |       0 |     107 |   0.0 |       0 |       6 |   0.0 |    97
         Sewer |       0 |     125 |   0.0 |       0 |      11 |   0.0 |   195
               +---------+---------+-------+---------+---------+-------+---------

Table legend:
 A = Turns spent in this place as a percentage of turns spent in the entire game.
 B = Non-inter-level travel turns spent in this place as a percentage of non-inter-level travel turns spent in the entire game.
 C = Inter-level travel turns spent in this place as a percentage of turns spent in this place.
 D = Turns resting spent in this place as a percentage of non-inter-level travel turns spent in this place.
 E = Turns spent auto-exploring this place as a percentage of non-inter-level travel turns spent in this place.
 F = Non-inter-level travel turns spent in this place divided by the number of levels of this place that you've seen.
                   A       B       C       D       E      F
               +-------+-------+-------+-------+-------+----------------------
         Total | 100.0 | 100.0 |   0.0 |   0.0 |   0.0 | 214.8
       Dungeon |  88.6 |  88.6 |   0.0 |   0.0 |   0.0 | 217.6
         Sewer |  11.4 |  11.4 |   0.0 |   0.0 |   0.0 | 195.0
               +-------+-------+-------+-------+-------+----------------------

Table legend:
 A = Kills in this place as a percentage of kills in entire the game.
 B = Kills by you in this place as a percentage of kills by you in the entire game.
 C = Kills by friends in this place as a percentage of kills by friends in the entire game.
 D = Other kills in this place as a percentage of other kills in the entire game.
 E = Experience gained in this place as a percentage of experience gained in the entire game.
 F = Experience gained in this place divided by the number of levels of this place that you have seen.
                   A       B       C       D       E      F
               +-------+-------+-------+-------+-------+----------------------
         Total | 100.0 | 100.0 |   N/A |   N/A | 100.0 | 122.8
       Dungeon |  85.7 |  85.7 |   N/A |   N/A |  87.3 | 122.4
         Sewer |  14.3 |  14.3 |   N/A |   N/A |  12.7 | 125.0
               +-------+-------+-------+-------+-------+----------------------

Vault maps used:
D:1:      sevenhm_arrival_forest_fort_large_1, grunt_decor_one_mirror
D:2:      first_bread, kennysheep_generic_room_15, uniq_natasha
D:3:      okawaru_trees_1
D:4:      nicolae_ru_path_of_blood, kennysheep_little_box, lemuel_round_altar,
          grunt_dithmenos_smoke_and_mirrors
D:5:      portal_sewer_entry_c, minivault_19
D:6:      fedhas_bush_and_centaur_altar, temple_doors_ab
Sewer:    sewer_kobolds
